 Dungeon Crawl Stone Soup version 0.24-a0-335-g06ca16af6c (webtiles) character file.

Game seed: 15407080113551100354

49 MachJacob the Digger (level 3, -9/28 HPs)
             Began as a Deep Dwarf Earth Elementalist on May 20, 2019.
             Killed by divine providence
             ... invoked by an orc priest
              (12 damage)
             ... on level 2 of the Dungeon.
             The game lasted 00:05:10 (1607 turns).

MachJacob the Digger (DDEE)                         Turns: 1607, Time: 00:05:10

Health: -9/28      AC:  2    Str: 11    XL:     3   Next: 53%
Magic:  0/6        EV: 13    Int: 16    God:
Gold:   85         SH:  0    Dex: 13    Spells: 0/6 levels left

rFire    . . .     SeeInvis .   b - +0 hunting sling
rCold    . . .     Gourm    .   (no shield)
rNeg     . . .     Faith    .   c - +0 robe
rPois    .         Spirit   .   (no helmet)
rElec    .         Reflect  .   (no cloak)
rCorr    .         Harm     .   (no gloves)
MR       .....                  (no boots)
Stlth    ++........             (no amulet)
HPRegen  0.00/turn              (no ring)
MPRegen  0.10/turn              (no ring)

@: non-regenerating
A: damage resistance, heal wounds, sense surroundings 1, no regeneration
a: Heal Wounds


You were on level 2 of the Dungeon.
You were hungry.

You visited 1 branch of the dungeon, and saw 3 of its levels.

You collected 85 gold pieces.

Inventory:

Hand Weapons
 a - a +0 dagger of venom
 b - a +0 hunting sling (weapon)
Missiles
 l - 18 sling bullets (quivered)
 m - 52 stones
Armour
 c - a +0 robe (worn)
Jewellery
 g - a +1 ring of evasion {unknown}
 p - an uncursed ring of protection from magic {unknown}
Scrolls
 h - a scroll of remove curse
 j - a scroll of teleportation
 o - a scroll of noise {unknown}
 q - a scroll of immolation {unknown}
 s - a scroll of identify {unknown}
Potions
 e - 2 potions of heal wounds {unknown}
 f - a potion of mutation {unknown}
 i - a potion of brilliance {unknown}
 k - a potion of degeneration {unknown}
 n - 2 potions of haste {unknown}
 t - a potion of invisibility {unknown}
Comestibles
 d - 7 rations


   Skills:
 + Level 2.8 Dodging
 - Level 2.4 Stealth
 + Level 2.1 Spellcasting
 * Level 0.5 Conjurations
 - Level 0.8 Transmutations
 * Level 5.1 Earth Magic


You couldn't memorise any spells.
You knew the following spells:

 Your Spells              Type           Power        Failure   Level  Hunger
a - Sandblast             Erth           ###...       2%          1    #......
b - Passwall              Tmut/Erth      ##......     9%          2    ###....
c - Stone Arrow           Conj/Erth      ##....       19%         3    ###....

Your spell library contained the following spells:

 Spells                   Type           Power        Failure   Level  Hunger
 Petrify                  Tmut/Erth      ##......     52%         4    #####..
 Lee's Rapid Deconstruct  Erth           ###.......   56%         5    ######.


Dungeon Overview and Level Annotations

Branches:
Dungeon (3/15)

Altars:
Ashenzari
Wu Jian
Yredelemnul

Annotations:
D:1 1 runed translucent door


Innate Abilities, Weirdness & Mutations

You are resistant to damage.
You can heal yourself by infusing magical energy.
You passively map a small area around you.
You do not regenerate.


Message History

Firing (i - inventory. (/) - cycle)
l - 20 sling bullets (quivered)
Press: ? - help, Shift-Dir - straight line, f/p - orc priest
Aim: an orc priest, wielding a +0 trident and wearing a +0 scale mail (severely wounded)
You shoot a sling bullet.
The sling bullet hits the orc priest but does no damage.
The orc priest is severely wounded.
The orc priest closely misses you.
Firing (i - inventory. (/) - cycle)
l - 19 sling bullets (quivered)
Press: ? - help, Shift-Dir - straight line, f/p - orc priest
Aim: an orc priest, wielding a +0 trident and wearing a +0 scale mail (severely wounded)
You shoot a sling bullet.
The sling bullet hits the orc priest but does no damage.
The orc priest is severely wounded.
The orc priest hits you with a +0 trident.
* * * LOW HITPOINT WARNING * * *
The orc priest hits you from afar with a +0 trident.
* * * LOW HITPOINT WARNING * * *
The orc priest calls down the wrath of Beogh upon you.
Beogh smites you!
You die...

######### ######
#.......# .....#
###.#####.# ...#.#
#.......#.# ##.#.#
#.#.###@#.# .#.#.#
#.#.###.#.#
.#.#.#####.......#.#
..............o###.#
.#.#.#####..#(..(#.#
.#.#.# #..#(##.#.#
#....## #..#..#.#.#
#.....# #..#.<#.#.#
#.....## #..####.#.#


You could see an orc priest.

Vanquished Creatures
  2 adders (D:2)
  A worm (D:2)
  3 leopard geckos (D:1)
  4 giant cockroaches
  2 goblins
  A jackal (D:2)
  2 kobolds
  A quokka (D:2)
  2 ball pythons
  2 bats
  2 frilled lizards
  4 rats
26 creatures vanquished.

Notes
Turn   | Place    | Note
-------+----------+-------------------------------------------
     0 | D:1      | MachJacob the Deep Dwarf Earth Elementalist began the quest
                  | for the Orb.
     0 | D:1      | Reached XP level 1. HP: 15/15 MP: 3/3
     1 | D:1      | Found a runed translucent door.
   266 | D:1      | Reached XP level 2. HP: 22/22 MP: 2/4
   417 | D:1      | You fall through a shaft!
   642 | D:1      | Learned a level 2 spell: Passwall
   792 | D:2      | Found a shattered altar of Ashenzari.
   840 | D:2      | Found a basalt altar of Yredelemnul.
  1176 | D:2      | Reached XP level 3. HP: 26/28 MP: 2/6
  1227 | D:2      | Learned a level 3 spell: Stone Arrow
  1310 | D:2      | Reached skill level 5 in Earth Magic
  1399 | D:2      | Found an ornate altar of the Wu Jian Council.
  1607 | D:2      | Killed from afar by an orc priest

Levels and vault maps discovered:
D:1:      dpeg_arrival_caged_fury, layout_rooms
D:2:      layout_basic, ashenzari_conservatory_becter,
          lemuel_coloured_pillars_altar, lemuel_round_altar, first_ration,
          minmay_pentomino_v4
D:3:      layout_rooms, nicolae_ru_path_of_blood, uniq_grinder

Skill      XL: |  1  2  3 |
---------------+----------+-----
Spellcasting   | 2 |  2.1
Earth Magic    | 5 |  5.1
Dodging        | |  2.8
Stealth        | |  2.4
Conjurations   | |  0.5
Transmutations | |  0.8

Action                   || total
-------------------------++-------
 Fire: Hunting sling     ||    21
 Cast: Sandblast         ||    34
  Use: Scroll            ||     2
  Eat: Chunk             ||     2
Dodge: Dodged            ||     7

Table legend:
 A = Non-vault XP
 B = Vault XP
 C = Vault XP percentage of total XP
 D = Non-vault monster count
 E = Vault monster count
 F = Vault count percentage of total count
                 A         B        C        D         E       F
            +---------+---------+-------+---------+---------+-------
      Total |      64 |       7 |   9.9 |      22 |       4 |  15.4
            +---------+---------+-------+---------+---------+-------
        D:1 |      20 |       0 |   0.0 |      11 |       0 |   0.0
        D:2 |      44 |       7 |  13.7 |      11 |       4 |  26.7
            +---------+---------+-------+---------+---------+-------
